Cogmind - Beta 13 @@@ ROGUE MODE // 2024.07.30 @ 12:55:45 Player: VraethrDalkr Result: Destroyed by D-53 Grenadier with Mini Grenade Launcher Performance ------------- Evolutions (0) 0 Regions Visited (2) 400 Robots Destroyed (21) 105 Value Destroyed (561) 561 Prototype IDs (2) 40 Alien Tech Used (0) 0 Bonus (-55) -55 TOTAL SCORE: 1051 Bonus ------- Follower Combat Kills 25 Friendly Fire -80 Cogmind --------- Core Integrity 0/250 Matter 229/300 Energy 250/250 System Corruption 5% Temperature Cool (0) Movement Treading (160) Location -10/Mines Parts ------- > --- POWER (1) -------- Ion Engine > --- PROPULSION (2) --- Light Treads Light Treads > --- UTILITY (2) ------ Large Storage Unit > --- WEAPON (2) ------- Small Laser > --- INVENTORY (15) --- Ion Engine Ion Engine Light Nuclear Core Heat Sink Improved Heat Sink Large Storage Unit Targeting Computer Propulsion Shielding Mining Laser Peak State ------------ > --- POWER ------------ Ion Engine > --- PROPULSION ------- Light Treads Light Treads > --- UTILITY ---------- Large Storage Unit Improved Terrain Scanner > --- WEAPON ----------- Particle Gun Light Cannon > --- INVENTORY -------- Ion Engine Light Nuclear Core Aluminum Leg Aluminum Leg Aluminum Leg Heat Sink Improved Heat Sink Large Storage Unit High-capacity Storage Unit Terrain Scan Processor Targeting Computer Propulsion Shielding Small Laser Assault Rifle Mining Laser [Rating: 12] Favorites ----------- Power Ion Engine Engine Ion Engine Propulsion Light Treads Treads Light Treads Utility Improved Terrain Scanner Device Improved Terrain Scanner Storage Large Storage Unit Protection Light Armor Plating Weapon Light Cannon Energy Gun Particle Gun Ballistic Gun Assault Rifle Ballistic Cannon Light Cannon Launcher Grenade Launcher Build | -11 -10 -10 ------- Run | Yrd Mat Min Slots Evolved . | . . . Power . | . . . Propulsion . | . . . Utility . | . . . Weapon . | . . . Parts Attached 25 | 8 11 6 Power 4 | 1 3 . Engine 4 | 1 3 . Core . | . . . Reactor . | . . . Propulsion 7 | 2 3 2 Treads 7 | 2 3 2 Leg . | . . . Wheel . | . . . Hover . | . . . Flight . | . . . Utility 6 | 3 2 1 Device 2 | 2 . . Storage 2 | 1 1 . Processor . | . . . Hackware . | . . . Protection 2 | . 1 1 Artifact . | . . . Weapon 8 | 2 3 3 Energy Gun 3 | . 2 1 Energy Cannon . | . . . Ballistic Gun 3 | 2 . 1 Ballistic Cannon 1 | . 1 . Launcher 1 | . . 1 Special Weapon . | . . . Impact Weapon . | . . . Slashing Weapon . | . . . Piercing Weapon . | . . . Special Melee Weapon . | . . . Unidentified Prototypes . | . . . Parts Lost 7 | . . 7 Power . | . . . Propulsion 2 | . . 2 Utility 1 | . . 1 Weapon 4 | . . 4 Highest Loss Streak 7 | . . 7 To Critical Strikes . | . . . Average Slot Usage (%) 99 | . 100 98 Engine 14 | . 14 14 Treads 28 | . 28 28 Device 8 | . 11 . Storage 14 | . 14 14 Protection 4 | . 2 12 Energy Gun 11 | . 11 13 Ballistic Gun 4 | . 5 . Ballistic Cannon 11 | . 10 13 Naked Turns . | . . . Heaviest Build 34 | 14 34 34 Greatest Support 40 | 40 40 40 Greatest Overweight (x) 2 | 2 . . Average Overweight (x) . | . . . Largest Inventory Capacity 15 | 8 15 15 Average Capacity 11 | 6 11 15 Most Carried 15 | 8 15 15 Average Carried 11 | 5 10 14 Final Capacity 15 | 8 15 15 Final Carried 15 | 8 15 9 Class Distribution -------------------- 95% | Mutant 4% | Scavenger-Mutant Dominant Class ---------------- Mutant | -10/Materials Mutant | -10/Mines Resources | -11 -10 -10 ----------- Run | Yrd Mat Min Matter Collected 565 | 308 242 15 Remotely 201 | 201 . . Salvage Created 757 | 145 572 40 Parts 43 | 13 30 . Haulers Intercepted . | . . . Recyclers Shooed . | . . . Parts Field Recycled . | . . . Retrieved Matter . | . . . Parts Self-Destructed . | . . . Prevented . | . . . Kills | -11 -10 -10 ------- Run | Yrd Mat Min Combat Hostiles Destroyed 14 | . 11 3 Guns 8 | . 7 1 Cannons 5 | . 4 1 Classes Destroyed 8 | 3 4 1 Worker 1 | 1 . . Builder 1 | . 1 . Tunneler 3 | 3 . . Recycler 2 | 1 1 . Operator 1 | . 1 . Watcher 1 | . 1 . Grunt 12 | . 11 1 Assembled 2 | . . 2 Best Kill Streak 4 | 2 4 2 Combat Bots Only 2 | . 2 2 Max Kills in Single Turn 1 | 1 1 1 Gunslinging . | . . . Exploded . | . . . Melee . | . . . Uniques/NPCs Destroyed . | . . . Combat | -11 -10 -10 -------- Run | Yrd Mat Min Hostile Shots Fired 68 | . 39 29 Missed 13 | . 10 3 Damage Taken 1429 | . 441 988 Core 265 | . 76 189 Absorbed by Shields . | . . . Regen/Repaired (Parts) 136 | . 136 . Core Remaining (%) 100 | 100 . . Volleys Fired 51 | 7 33 11 Largest 2 | 2 2 2 Hottest 100 | 40 100 100 Shots Fired 103 | 14 67 22 Gun 72 | 14 44 14 Cannon 30 | . 23 7 Launcher 1 | . . 1 Special . | . . . Kinetic 68 | 14 43 11 Thermal 34 | . 24 10 Explosive 1 | . . 1 Electromagnetic . | . . . Robot Hit Streak 23 | 5 23 6 Robot Miss Streak 3 | 1 3 2 Penetration Max . | . . . Secondary Targets 1 | . 1 . Max Gunslinging Chain 1 | . 1 . Shots Hit Robots 69 | 7 46 16 Core Hits 38 | 7 26 5 Critical Kills . | . . . Critical Parts Destroyed . | . . . Critical Strikes . | . . . Melee Attacks . | . . . Impact . | . . . Slashing . | . . . Piercing . | . . . Sneak Attacks . | . . . Combat Hostiles . | . . . Follow-up Attacks . | . . . Damage Inflicted 1083 | 77 647 359 Guns 633 | 77 397 159 Cannons 327 | . 250 77 Explosions 123 | . . 123 Melee . | . . . Ramming . | . . . Kinetic 588 | 77 396 115 Thermal 482 | . 251 231 Explosive 13 | . . 13 Electromagnetic . | . . . Impact . | . . . Slashing . | . . . Piercing . | . . . Highest Corruption 5 | . 5 5 Average Corruption 4 | . 3 5 Corruption Purged . | . . . Corruption Blocked . | . . . Effects 18 | . 8 10 Message Errors 5 | . 4 1 Matter Fused 2 | . . 2 Energy Discharges 1 | . . 1 Parts Rejected 1 | . . 1 Data Loss (minor) 7 | . 2 5 Data Loss (major) 1 | . 1 . Misfires 1 | . 1 . Overload Shots . | . . . Overflow Damage . | . . . Projectiles . | . . . Explosions . | . . . Melee . | . . . Knockbacks 10 | . 8 2 Impact . | . . . Kinetic 8 | . 6 2 Secondary 2 | . 2 . Self-Inflicted Damage 33 | . . 33 Shots 1 | . . 1 Rammed . | . . . Targets Rammed . | . . . Kicked . | . . . Crushed . | . . . Highest Temperature 210 | . 210 168 Average Temperature 57 | . 54 65 Received Heat Transfer 228 | . 210 18 Siege Activations . | . . . Robots Corrupted . | . . . Combat Hostiles . | . . . Parts Fried . | . . . Impact Corruptions . | . . . Robots Melted 1 | . . 1 Combat Hostiles 1 | . . 1 Parts Melted 1 | . . 1 Heat Transferred 1028 | . 581 447 Parts Sabotaged . | . . . Parts Stolen . | . . . Parts Stripped . | . . . Power Chain Reactions . | . . . Alert | -11 -10 -10 ------- Run | Yrd Mat Min Peak Influence 137 | 25 137 117 Initial 25 | . 16 25 Average 52 | 10 51 79 Maximum Alert Level . | . . . Low Security (%) 100 | 100 100 100 Level 1 . | . . . Level 2 . | . . . Level 3 . | . . . Level 4 . | . . . Level 5 . | . . . High Security . | . . . Max Security . | . . . Squads Dispatched 2 | . 2 . Investigation 1 | . 1 . Extermination . | . . . Reinforcement 1 | . 1 . Assault . | . . . Garrison . | . . . Intercept . | . . . Searches Triggered . | . . . Construction Impeded . | . . . Haulers Reinforced . | . . . Active Scanning Responses . | . . . Cargo Convoy Interrupts . | . . . Stealth | -11 -10 -10 --------- Run | Yrd Mat Min Distress Signals 1 | . 1 . Communications Jammed . | . . . Distress Signals . | . . . Times Spotted 32 | . 21 11 Peak Tracking Total 5 | . 4 5 Tactical Retreats 1 | . . 1 Traps | -11 -10 -10 ------- Run | Yrd Mat Min Traps Triggered 6 | . 6 . Indirectly . | . . . Trap Hack Attempts . | . . . Triggered . | . . . Disarmed . | . . . Reprogrammed . | . . . Reused . | . . . Traps Extracted . | . . . Installed . | . . . Triggered . | . . . Machines | -11 -10 -10 ---------- Run | Yrd Mat Min Machines Disabled 3 | . . 3 Max in Single Turn 3 | . . 3 Machines Repaired . | . . . Machines Dismantled . | . . . Machines Sabotaged . | . . . Overloaded Fab Kills . | . . . Hacking | -11 -10 -10 --------- Run | Yrd Mat Min Machines Accessed 9 | . 9 . Terminals 6 | . 6 . Fabricators . | . . . Repair Stations 1 | . 1 . Recycling Units 2 | . 2 . Scanalyzers . | . . . Garrison Access . | . . . Total Hacks 23 | . 23 . Successful 16 | . 16 . Failed 7 | . 7 . Catastrophic 1 | . 1 . Database Lockouts . | . . . Manual . | . . . Terminals 17 | . 17 . Fabricators . | . . . Repair Stations 4 | . 4 . Recycling Units 2 | . 2 . Scanalyzers . | . . . Garrison Access . | . . . Terminal Hacks 10 | . 10 . Record 1 | . 1 . Robot Analysis 1 | . 1 . Prototype ID Bank 1 | . 1 . Alert Level 2 | . 2 . Locate Traps 3 | . 3 . Zone Layout 2 | . 2 . Fabricator Hacks . | . . . Repair Station Hacks 4 | . 4 . Scan Component 2 | . 2 . Repair 2 | . 2 . Recycling Unit Hacks 2 | . 2 . Report Inventory 2 | . 2 . Scanalyzer . | . . . Garrison Access Hacks . | . . . Unauthorized Hacks . | . . . Terminals . | . . . Fabricators . | . . . Repair Stations . | . . . Recycling Units . | . . . Scanalyzers . | . . . Garrison Access . | . . . Data Cores Recovered . | . . . Used . | . . . Hacking Detections 8 | . 8 . Full Trace Events 2 | . 2 . Feedback Events . | . . . Feedback Blocked . | . . . Robot Schematics Acquired . | . . . Robots Built . | . . . Authchips . | . . . Time . | . . . Total Robot Build Rating . | . . . Part Schematics Acquired . | . . . Parts Built . | . . . Authchips . | . . . Time . | . . . Total Part Build Rating . | . . . Parts Repaired 2 | . 2 . Time 52 | . 52 . Parts Recycled . | . . . Recycled Matter . | . . . Retrieved Matter . | . . . Retrieved Components . | . . . Parts Scanalyzed . | . . . Part Schematics Acquired . | . . . Parts Damaged . | . . . Bothacking | -11 -10 -10 ------------ Run | Yrd Mat Min Used RIF Installer . | . . . Robots Hacked . | . . . Non-combat . | . . . Combat . | . . . Robot Hacks Applied . | . . . Relay Couplers Released . | . . . Fabnet Peak Effective % . | . . . Robots Rewired . | . . . Allies Hacked . | . . . Hacks Repelled . | . . . Allies | -11 -10 -10 -------- Run | Yrd Mat Min Total Allies 3 | . . 3 Largest Group 3 | . . 3 Highest-Rated Group 40 | . . 40 Highest-Rated Ally 16 | . . 16 Total Orders . | . . . Ally Attacks 18 | . . 18 Total Damage 196 | . . 196 Kills 2 | . . 2 Allies Corrupted . | . . . Allies Melted . | . . . Intel | -11 -10 -10 ------- Run | Yrd Mat Min Robot Analysis Total 1 | . 1 . Derelict Logs Recovered . | . . . Drone Launches . | . . . Drone Recoveries . | . . . Exploration | -11 -10 -10 ------------- Run | Yrd Mat Min Turns Passed 1863 | 161 1365 337 Spaces Moved 976 | 78 711 187 Core 14 | 14 . . Treads 962 | 64 711 187 Legs . | . . . Wheels . | . . . Hover . | . . . Flight . | . . . Fastest Speed 50 | 50 160 160 Average Speed 159 | 151 160 160 Slowest Speed 160 | 160 160 160 Overloaded Moves . | . . . Propulsion Burnouts . | . . . Robots Hopped . | . . . Cave-ins Triggered . | . . . Exploration Rate (%) 47 | 5 99 38 Regions Visited 2 Branch Regions 1 Pre-discovered Areas . | . . . Known Exits Taken . | . . . Unknown Exits Taken 2 | 1 1 . Scrap Searched . | . . . Spaces Dug . | . . . Terrain Destroyed 23 | . . 23 Melee . | . . . Projectile . | . . . AOE 23 | . . 23 Terrain Rammed . | . . . Walls Destroyed . | . . . Machines Disabled . | . . . Actions | -11 -10 -10 --------- Run | Yrd Mat Min Total 1203 | 111 888 204 Wait 87 | . 87 . Move 974 | 77 710 187 Hop . | . . . Pick Up 35 | 13 22 . Fast Attach 12 | 8 4 . Attach 6 | . . 6 Detach 1 | . 1 . Swap 7 | . 7 . Drop 30 | 6 24 . Fire 51 | 7 33 11 Melee . | . . . Ram . | . . . Kick . | . . . Crush . | . . . Escape Stasis . | . . . Rewire . | . . . Trap . | . . . Miscellaneous . | . . . Route ------- -11/Scrapyard -10/Materials (discovered 5 exits: [*Mat x3] / [*Min] / [*Sub]) -10/Mines History --------- Turn | Location | Event 16 | -11/Scrapyard | Discovered new exit (range 14) 162 | -11/Scrapyard | Entered Materials 344 | -10/Materials | Build established: Mutant 381 | -10/Materials | Discovered new exit (range 11) 682 | -10/Materials | Discovered new exit (range 13) 868 | -10/Materials | Discovered new exit (range 7) 1091 | -10/Materials | Repaired Lgt. Treads 1118 | -10/Materials | Repaired Lgt. Treads 1218 | -10/Materials | Discovered new exit (range 15) 1289 | -10/Materials | Discovered new exit (range 5) 1527 | -10/Materials | Entered Mines 1529 | -10/Mines | Assisted by bots powering up and referring to "LRC-V3" 1620 | -10/Mines | Met a Derelict bent on vengeance 1808 | -10/Mines | Assembled infested the area 1813 | -10/Mines | Assisted by a Guerilla fighting off Assembled 1848 | -10/Mines | Core integrity fell below 50% 1858 | -10/Mines | Core integrity fell below 20% 1864 | -10/Mines | Destroyed by D-53 Grenadier with Mini Grenade Launcher Last Messages --------------- 01840_ as-27784 destroyed. 01842_ Trooper 1b reactivates. 01842_ C-30 ARC bursts open, deploying its payload. 01842_ D-53 Grenadier unfolds itself. 01842_ as-12570 destroyed. 01842_ Particle Gun destroyed. 01843_ as-44156 destroyed. 01843_ Trooper 1a destroyed. 01843_ Lgt. Cannon destroyed. 01844_ Trooper 1b destroyed. 01851_ Lgt. Treads destroyed. 01854_ The unstable cave ceiling collapses. 01855_ Grenade Launcher destroyed. 01855_ Lgt. Armor Plating destroyed. 01855_ as-34104 destroyed. 01856_ System corrupted: Component data lost. 01857_ as-93749 destroyed. 01858_ The unstable cave ceiling collapses. 01864_ Assault Rifle destroyed. Map ----- +----------------------------------------------------+ | ?????????????????????????????????## ##?###### # | | ?????????????????????????????????# ######?# # | | ?????????????????????????????????# ### # | | ?????????????????????????????????## | | ??????????????????????????????????# | | ?????????????????????????????????## ### | | ?????????????????????????????????# #?? | | ?????????????????????????????????# ## #? | | ?????????????????????????????????# #### # | | ?????????????????????????????????## ####??# # | | ??????????????????????????????????## #?????# # | | ???????????????????????????????????# #?????## # | | ???????????????????????????????????# #??????## | | ???????????????????????????????????# #######??# | | ???????????????????????????????????# #???# | | ???????????????????????????????????####### #???? | | ?????????????????????????????????????????# #????# | | ?????????????????????????????????????????# #????? | | ?????????????????????????????????????????# ####?? | | ????????????????????########?????????????# #?? | | ????????????????????# ##????????????#### #?? | | ???????????????????## #???????????????# #?? | | ???????????????????# # ##????####??????# #?? | | ??????????????????## ##??## ###????# #?? | | ???????????????# ## ##?# ###??# #?? | | ???????????????#% @ #?# ##?# #?? | | ???????????????# #?# ### ### | | ???????????????#%### #?## | | ???????????????????## #??###### ####### | | ????????????????????## d #???????# ##????? | | ?????????????????????# ##??????## #????? | | ?????????????????????# d #??###### #????? | | ?????????????????????## #?## ##????? | | ??????????????????????## %### ##?????? | | ???????????????????????#### ## ##??????? | | ??????????????????????????## ### #???????? | | ???????????????????????????## #?# #???????? | | ????????????????????????????###### #?# ???????? | | ?????????????????????????????????# #?###???????? | | ?????????????????????????????????####???????????? | | ????????????????????????????????????????????????? | | ????????????????????????????????????????????????? | | ????????????????????????????????????????????????? | | ????????????????????????????????????????????????? | | ????????????????????????????????????????????????? | | ????????????????????????????????????????????????? | | ????????????????????????????????????????????????? | | ????????????????????????????????????????????????? | | | | | +----------------------------------------------------+ Best States ------------- Heat Dissipation 25 Energy Generation 10 Energy Capacity 250 Matter Stores 300 Matter Capacity 300 Sight Range 16 Terrain Scan Range 16 Terrain Scan Density 10 Armor Coverage 150 Evasion (%) 40 Recoil Reduction 2 Item Schematics ----------------- None Robot Schematics ------------------ None Fabricated ------------ Nothing Alien Tech Used ----------------- None Achievements -------------- None Challenges ------------ None Game ------ Seed HackingAdvancedRailgun Manual? 0 Play Time 00:21:33 Cumulative 116.9 hours Start 2024.07.30 @ 12:36:39 End 2024.07.30 @ 12:55:45 Sessions 1 Manual Loads 0 Difficulty Rogue Special Mode None Game No. 57 Rogue 47 Adventurer 10 Explorer 0 Win Type - Total 1 Types 0/0/1/0/0/0/0/0/0 Lore% 42 Gallery% 51 Achievement% 41 Wizard Run 0 Options --------- Layout 1 ASCII 0 Keyboard 0 Movement Arrows Keybinds 0 Fullscreen 2 Font 32/SmallcapsGlow Map View 50x35 Zoom Use 0% Tactical HUD 1 Map Filters NONE Filters NONE Steam 0 RUN: 4400c6a1-7503-4ead-82f6-1292ff25c0c1